 Dungeon Crawl Stone Soup version 0.30-a0-465-g8901f6c8b5 (webtiles) character file.

Game seed: 12332081893258989540

32 kinionl the Firebug (level 2, 0/20 HPs)
             Began as a Demigod Fire Elementalist on Dec 18, 2022.
             Killed from afar by an orc wizard (7 damage)
             ... with a magic dart
             ... on level 2 of the Dungeon.
             The game lasted 00:18:17 (1134 turns).

kinionl the Firebug (Demigod Fire Elementalist)     Turns: 1134, Time: 00:18:17

Health: 0/20       AC:  2    Str: 15    XL:     2   Next: 93%
Magic:  6/7        EV: 12    Int: 17    God:
Gold:   74         SH:  0    Dex: 14    Spells: 1/4 levels left

rFire   . . .      SeeInvis .    e - +0 mace
rCold   . . .      Faith    .    (no shield)
rNeg    . . .      Spirit   .    a - +0 robe
rPois   .          Reflect  .    (no helmet)
rElec   .          Harm     .    (no cloak)
rCorr   .          Rampage  .    (no gloves)
Will    .....                    (no boots)
Stlth   +.........               (no amulet)
HPRegen 0.23/turn                j - +6 ring of strength
MPRegen 0.10/turn                (no ring)

@: confused, invisible
A: high MP 1, forlorn, divine attributes
a: no special abilities


You were on level 2 of the Dungeon.
You visited 1 branch of the dungeon, and saw 2 of its levels.

You collected 94 gold pieces.
You spent 20 gold pieces at shops.

Inventory:

Hand Weapons
 d - a +0 club
 e - a +0 mace (weapon)
 h - a +0 short sword
Missiles
 k - 2 poisoned darts
Armour
 a - a +0 robe (worn)
 l - a +0 buckler
Jewellery
 j - a +6 ring of strength (left hand)
Scrolls
 f - a scroll of enchant weapon {unknown}
 i - a scroll of teleportation {unknown}
Potions
 b - 2 potions of magic
 g - a potion of curing {unknown}


   Skills:
 + Level 0.4 Maces & Flails
 + Level 2.0 Dodging
 + Level 2.2 Stealth
 + Level 0.8 Unarmed Combat
 + Level 1.8 Spellcasting
 + Level 0.8 Conjurations
 + Level 3.1 Fire Magic


You had one spell level left.
You knew the following spells:

 Your Spells              Type           Power      Damage    Failure   Level
a - Foxfire               Conj/Fire      32%        2x1d5     9%          1
b - Scorch                Fire           24%        2d6       9%          2

Your spell library contained the following spells:

 Spells                   Type           Power      Damage    Failure   Level
 Inner Flame              Hex/Fire       6%         N/A       30%         3
 Kindle Blastsparks       Fire/Tloc/Air  10%        2d10      36%         3
 Gell's Gravitas          Tloc           1%         N/A       52%         3
 Teleport Other           Tloc           1%         N/A       52%         3
 Flame Wave               Conj/Fire      8%         2d5       65%         4
 Dispersal                Tloc           0%         N/A       100%        6


Dungeon Overview and Level Annotations

Branches:
Dungeon (2/15)

Shops:
D:1 !?((


Innate Abilities, Weirdness & Mutations

You have an increased reservoir of magic. (+10% MP)
You shall have no god before yourself.
Your divine heritage dramatically boosts your attributes as you level up.


Message History

The endoplasm hits you but does no damage.
You thump the endoplasm!
You kill the endoplasm!
You hear some strange, mumbled words.
A puff of flame appears from out of thin air!
The puff of flame hits you. The orc hits you with a +0 short sword.
Casting: Foxfire (safe; 9% risk of failure)
Press: ? - help, Q - select action, (/) - cycle Dir - look around, f - activate
Okay, then.
The orc attacks as you move away! The orc misses you.
Casting: Foxfire (safe; 9% risk of failure)
Confirm with . or Enter, or press ? or * to list all spells.
Flames lash the orc.
The orc is moderately wounded.
The orc's fire resistance burns away.
You hit the orc.
The orc is heavily wounded.
The orc hits you with a +0 short sword.
* * * LOW HITPOINT WARNING * * *
Unknown command.
You fade into invisibility!
The orc barely misses you.
You hear some strange, mumbled words.
You are confused.
The orc is no longer more vulnerable to fire.
You bump into the rock wall.
A puff of flame appears from out of thin air!
The puff of flame hits the orc.
The orc dies!
You bump into the rock wall.
You feel less confused.
You hear a shout!
You are confused.
You bump into the rock wall.
You bump into the rock wall.
Something hits you.
* * * LOW HITPOINT WARNING * * *
A magic dart appears from out of thin air!
The magic dart hits you!
You die...

#....# #$#
####o# #+#
#.o.o# ### #>.
#)#### <..#.#
####.# #.#.#
#....#
#...######.####
#..@.{o..#
#.#####..### #†#
#....# ##### #.#
#.##.# #...# #.#
#.##.#
#.#.####.#
#....#
#........#
######
#######.########
#.......#


You could see an orc (wandering, unable to see you).

Vanquished Creatures
  A dart slug (D:1)
  4 endoplasms
  A giant cockroach (D:1)
  2 goblins (D:1)
  3 hobgoblins (D:1)
  2 quokkas (D:1)
  2 ball pythons
  4 bats (D:1)
  A frilled lizard (D:1)
  2 kobolds (D:1)
  5 rats (D:1)
27 creatures vanquished.

Vanquished Creatures (others)
  An orc (D:2)
1 creature vanquished.

Grand Total: 28 creatures vanquished

Notes
Turn   | Place    | Note
-------+----------+-------------------------------------------
     0 | D:1      | kinionl the Demigod Fire Elementalist began the quest for
                  | the Orb.
     0 | D:1      | Reached XP level 1. HP: 14/14 MP: 5/5
   273 | D:1      | Reached skill level 3 in Fire Magic
   273 | D:1      | Reached XP level 2. HP: 16/20 MP: 7/7
   290 | D:1      | Found Lius's Weapon Boutique.
   377 | D:1      | Found Igidav's Antique Weapon Shop.
   530 | D:1      | Found Doink's Magic Scroll Shop.
   536 | D:1      | Bought a scroll of identify for 20 gold pieces
   558 | D:1      | Found Eplaxtav's Distillery.
   825 | D:1      | Learned a level 2 spell: Scorch
  1134 | D:2      | Killed from afar by an orc wizard

Illustrated notes

Levels and vault maps discovered:
D:1:      minmay_arrival_shoal_huts, layout_loops_corners, serial_shops, shop,
          shop, nicolae_shop_behind_doors, nicolae_diamond_shop,
          chequers_hall_statues_wall_a
D:2:      layout_basic

Skill      XL: |  1  2 |
---------------+-------+-----
Dodging        | 2 |  2.0
Fire Magic     | 3 |  3.1
Stealth        | 2 |  2.2
Maces & Flails | |  0.4
Unarmed Combat | |  0.8
Spellcasting   | |  1.8
Conjurations   | |  0.8

Action                   || total
-------------------------++-------
Melee: Unarmed           ||    39
       Club              ||     9
       Punch             ||     3
       Mace              ||    48
 Cast: Scorch            ||     1
  Use: Scroll            ||     1
       Potion            ||     1
 Stab: Sleeping          ||     3
Armor: Robe              ||    17
Dodge: Dodged            ||    68

Table legend: (Time is in decaauts)
 A = Elapsed time spent in this place.
 B = Non-inter-level travel time spent in this place.
 C = Inter-level travel time spent in this place.
 D = Time resting spent in this place.
 E = Time spent auto-exploring this place.
 F = Levels seen in this place.
 G = Mean time per level.
                   A        B        C        D        E       F      G
               +--------+--------+--------+--------+--------+-----+--------+
         Total |   1154 |   1125 |     29 |     47 |    520 |   2 |  577.0 |
       Dungeon |   1154 |   1125 |     29 |     47 |    520 |   2 |  577.0 |
               +--------+--------+--------+--------+--------+-----+--------+

Top non-repeatable levels by time:
     D:1: 1057 daAuts
     D:2: 97 daAuts
